 Dungeon Crawl Stone Soup version 0.21.1-1-g345015fe64 (webtiles) character file.

191 Kohma the Slasher (level 5, -5/42 HPs)
             Began as a Demonspawn Berserker on June 25, 2018.
             Was a Priest of Trog.
             Slain by nawrastar's ghost (9 damage)
             ... on level 4 of the Dungeon.
             The game lasted 00:09:19 (3350 turns).

Kohma the Slasher (Demonspawn Berserker)            Turns: 3350, Time: 00:09:19

Health: -5/42      AC:  7    Str: 23    XL:     5   Next: 42%
Magic:  5/5        EV: 11    Int:  9    God:    Trog [***...]
Gold:   161        SH:  0    Dex: 12    Spells: 4/4 levels left

rFire    . . .     SeeInvis .   a - +0 falchion
rCold    . . .     Gourm    .   (no shield)
rNeg     . . .     Faith    .   g - +0 ring mail (curse)
rPois    .         Spirit   .   (helmet restricted)
rElec    .         Reflect  .   (no cloak)
rCorr    .         Harm     .   (no gloves)
MR       ++...                  (no boots)
Stlth    +.........             (no amulet)
HPRegen  1.14/turn              (no ring)
MPRegen  0.09/turn              (no ring)

@: mighty, berserk cooldown, regenerating, slowed, very slow
A: antennae 1, thin metallic scales 1
a: Berserk, Trog's Hand, Burn Spellbooks, Renounce Religion


You were on level 4 of the Dungeon.
You worshipped Trog.
Trog was most pleased with you.
You were not hungry.

You visited 2 branches of the dungeon, and saw 5 of its levels.

You collected 161 gold pieces.

Inventory:

Hand Weapons
 a - a +0 falchion (weapon)
 n - a cursed -2 hunting sling
 s - a cursed -1 whip
Missiles
 e - 11 curare-tipped needles
 i - 143 stones (quivered)
 l - 23 arrows
 v - 38 bolts
 x - a throwing net
Armour
 b - a +0 animal skin
 g - a cursed +0 ring mail (worn)
 u - a +0 plate armour
 A - a +0 scale mail
Jewellery
 d - a cursed ring of teleportation {unknown}
 f - a cursed ring of teleportation {unknown}
 y - an uncursed ring of poison resistance {unknown}
Scrolls
 h - 4 scrolls of identify {unknown}
 k - 3 scrolls of remove curse {unknown}
 m - a scroll of noise {unknown}
 o - a scroll of teleportation {unknown}
 p - a scroll of enchant weapon {unknown}
 q - a scroll of fear {unknown}
 r - 2 scrolls of amnesia {unknown}
 w - 5 scrolls of random uselessness {unknown}
Potions
 j - a potion of might
 t - 2 potions of heal wounds {unknown}
Comestibles
 c - 6 rations
 z - 2 chunks of flesh


   Skills:
 + Level 3.9 Fighting
 * Level 4.4 Long Blades
 + Level 3.0 Armour
 - Level 1.7 Dodging


You had 4 spell levels left.
You didn't know any spells.

Dungeon Overview and Level Annotations

Branches:
Dungeon (4/15)             Temple (1/1) D:4

Altars:
Ashenzari
Cheibriados
Dithmenos
Fedhas
Gozag
Kikubaaqudgha
Makhleb
Nemelex Xobeh
Okawaru
Ru
Sif Muna
Trog
Uskayaw
Wu Jian
Xom
Yredelemnul
The Shining One

Annotations:
D:4 nawrastar's ghost, amateur FeTm


Innate Abilities, Weirdness & Mutations

You have a pair of small antennae on your head.
You are partially covered in thin metallic scales. (AC +2)


Message History

Nawrastar's ghost is almost destroyed.
Your skin crawls.
You feel resistant to hostile enchantments.
You feel somewhat more hungry. Nawrastar's ghost hits you.
* * * LOW HITPOINT WARNING * * *
Nawrastar's ghost hits you but does no damage.
You closely miss nawrastar's ghost.
Nawrastar's ghost is almost destroyed.
Nawrastar's ghost hits you.
* * * LOW HITPOINT WARNING * * *
You closely miss nawrastar's ghost.
Nawrastar's ghost is almost destroyed.
Nawrastar's ghost hits you but does no damage.
Nawrastar's ghost says very slowly, "There's no hope."
Nawrastar's ghost hits you!
* * * LOW HITPOINT WARNING * * *
It was a potion of might.
You feel very mighty all of a sudden. Nawrastar's ghost hits you!
You die...

###.######
#...[.......#.........
#.#
###...................##
#.#
#....<...#..........#...
#.#
#.......##..........##..
#.#
#.......................
###.#
#..........§≈≈§≈≈≈......
....#
#......%...§§####≈≈.....
........##..........≈##
##≈.....
#######.##..$.#.@...≈#
#≈...§# #...(≈#W...≈#
#§..... .....#..†..≈##
##≈....§
#####......≈≈####≈§.....
...........§≈≈≈≈≈......
###....................
......##..........##..
.#####..#..........#..#
................##


You could see nawrastar's ghost.

Vanquished Creatures
  The ghost of WobbleTop the Sneak, a weakling FeEn (D:3)
  4 gnolls (D:3)
  3 adders
  An ooze (D:2)
  An adder skeleton (D:4)
  5 worms
  A dart slug (D:2)
  2 leopard geckos
  4 giant cockroaches
  7 goblins
  4 hobgoblins
  9 jackals
  9 kobolds
  A quokka (D:2)
  10 bats
  4 frilled lizards
  A quokka skeleton (D:4)
  8 rats
75 creatures vanquished.

Notes
Turn   | Place    | Note
-------+----------+-------------------------------------------
     0 | D:1      | Kohma the Demonspawn Berserker began the quest for the Orb.
     0 | D:1      | Reached XP level 1. HP: 18/18 MP: 1/1
     2 | D:1      | Noticed a halfling
     2 | D:1      | Noticed a draconian
     4 | D:1      | Noticed a ghoul
     4 | D:1      | Noticed an elf
     6 | D:1      | Noticed a tengu
     8 | D:1      | Noticed a merfolk
     8 | D:1      | Noticed a minotaur
    10 | D:1      | Noticed a demonspawn
    10 | D:1      | Noticed a vampire
    12 | D:1      | Noticed a demigod
    12 | D:1      | Noticed an ogre
    14 | D:1      | Noticed a troll
    14 | D:1      | Noticed an octopode
    16 | D:1      | Noticed a vine stalker
    16 | D:1      | Noticed a centaur
    18 | D:1      | Noticed a felid
    20 | D:1      | Noticed a formicid
    20 | D:1      | Noticed a dwarf
    22 | D:1      | Noticed a gargoyle
    22 | D:1      | Noticed a naga
    24 | D:1      | Noticed a human
    26 | D:1      | Noticed a spriggan
   101 | D:1      | Reached skill level 3 in Long Blades
   102 | D:1      | Gained mutation: You have a pair of small antennae on your head. [demonic ancestry]
   102 | D:1      | Reached XP level 2. HP: 23/24 MP: 2/2
   465 | D:1      | Reached ** piety under Trog
   528 | D:1      | Gained mutation: You are partially covered in thin metallic scales. (AC +2) [demonic ancestry]
   528 | D:1      | Reached XP level 3. HP: 20/29 MP: 3/3
  1931 | D:3      | Reached XP level 4. HP: 32/35 MP: 4/4
  1958 | D:3      | Noticed WobbleTop's ghost (weakling FeEn)
  1967 | D:3      | Killed WobbleTop's ghost
  1967 | D:3      | Reached skill level 4 in Long Blades
  2032 | D:3      | Reached *** piety under Trog
  2563 | D:3      | Reached XP level 5. HP: 42/42 MP: 5/5
  2864 | D:4      | Found a staircase to the Ecumenical Temple.
  2895 | Temple   | Entered the Ecumenical Temple
  3322 | D:4      | Noticed nawrastar's ghost (amateur FeTm)
  3350 | D:4      | Slain by nawrastar's ghost

Skill      XL: |  1  2  3  4  5 |
---------------+----------------+-----
Long Blades    | 3 4 |  4.4
Armour         | 2 3 |  3.0
Fighting       | |  3.9
Dodging        | |  1.7

Action                   |  1- 3 |  4- 6 || total
-------------------------+-------+-------++-------
Melee: Falchion          |   155 |    99 ||   254
Invok: Berserk           |     1 |     3 ||     4
       Trog's Hand       |       |     2 ||     2
  Use: Potion            |       |     1 ||     1
 Stab: Sleeping          |     1 |       ||     1
       Distracted        |     1 |       ||     1
  Eat: Chunk             |     3 |     6 ||     9
       Ration            |       |     1 ||     1
Armor: Ring mail         |    56 |    43 ||    99
       Animal skin       |     1 |       ||     1
Dodge: Dodged            |   127 |    47 ||   174
       Rpst.: Falchion   |    42 |    20 ||    62
